 Dungeon Crawl Stone Soup version 0.21.1-1-g345015fe64 (webtiles) character file.

100 RepoMan the Insei (level 4, -1/36 HPs)
             Began as a Draconian Transmuter on July 7, 2018.
             Killed by divine providence
             ... invoked by an orc priest
              (14 damage)
             ... on level 3 of the Dungeon.
             The game lasted 00:06:12 (2061 turns).

RepoMan the Insei (Draconian Transmuter)            Turns: 2061, Time: 00:06:13

Health: -1/36      AC:  5    Str: 12    XL:     4   Next: 47%
Magic:  6/7        EV: 12    Int: 14    God:
Gold:   95         SH:  0    Dex: 12    Spells: 2/8 levels left

rFire    . . .     SeeInvis .     - Unarmed
rCold    . . .     Gourm    .   (no shield)
rNeg     . . .     Faith    .   (armour unavailable)
rPois    .         Spirit   .   (helmet restricted)
rElec    .         Reflect  .   (no cloak)
rCorr    .         Harm     .   (no gloves)
MR       .....                  (boots currently unavailable)
Stlth    +.........             (no amulet)
HPRegen  0.12/turn              (no ring)
MPRegen  0.10/turn              (no ring)

@: appendage (expiring), very slightly contaminated
A: unfitting armour, talons 3, cold-blooded, AC +5
a: End Transformation


You were on level 3 of the Dungeon.
You were not hungry.
You had grown temporary talons.
You visited 1 branch of the dungeon, and saw 3 of its levels.

You collected 95 gold pieces.

Inventory:

Missiles
 a - 28 arrows
Jewellery
 k - an uncursed ring of magical power {unknown}
Scrolls
 d - a scroll of identify {unknown}
 g - a scroll of enchant weapon {unknown}
 i - a scroll of teleportation {unknown}
 j - 4 scrolls of immolation {unknown}
Potions
 e - a potion of haste {unknown}
 h - 2 potions of heal wounds {unknown}
Books
 b - a book of Changes

   Spells                             Type                      Level
   a - Beastly Appendage              Transmutation                1
   b - Sticks to Snakes               Transmutation                2
   c - Spider Form                    Transmutation/Poison         3
   d - Ice Form                       Ice/Transmutation            4
   e - Blade Hands                    Transmutation                5
Comestibles
 c - 5 rations


   Skills:
 + Level 2.1 Fighting
 - Level 1.7 Dodging
 * Level 3.9 Unarmed Combat
 + Level 2.5 Spellcasting
 * Level 3.2 Transmutations


You had 2 spell levels left.
You knew the following spells:

 Your Spells              Type           Power        Failure   Level  Hunger
a - Beastly Appendage     Tmut           ##....       6%          1    #......
c - Spider Form           Tmut/Pois      #.........   34%         3    ###....
t - Sticks to Snakes      Tmut           ##......     9%          2    ###....


Dungeon Overview and Level Annotations

Branches:
Dungeon (3/15)

Altars:
Fedhas
Hepliaklqana
Xom


Innate Abilities, Weirdness & Mutations

Your plain brown scales are hard. (AC +5)
You cannot fit into any form of body armour.
You are cold-blooded and may be slowed by cold attacks.
You have claws for feet.


Message History

You hit the rat.
You kill the rat!
There is a stone staircase leading up here. 3 orcs and an orc priest come into view.
The orc shouts! x3
The orc priest mumbles some strange prayers to Beogh against you.
Pain shoots through your body!
You hit the orc priest. You tail-slap the orc priest.
The orc priest is heavily wounded.
The orc priest invokes the aid of Beogh against you.
Pain shoots through your body! The orc barely misses you.
You hit the orc priest. You claw the orc priest.
The orc priest is almost dead.
The orc priest hits you with a mace.
You closely miss the orc priest. Your kick misses the orc priest.
The orc priest is almost dead.
Your transformation is almost over.
The orc priest mumbles some strange prayers to Beogh against you.
Beogh smites you!
You die...

.# .# .# .# o#
.#######o#
.......oo#
#..###@#######.#.
........<.........
##..###.........#.
# ###########


You could see an orc priest and 3 orcs.

Vanquished Creatures
  Jessica (D:2)
  An adder (D:2)
  3 oozes (D:1)
  4 dart slugs (D:2)
  A leopard gecko (D:1)
  6 bats
  2 giant cockroaches (D:2)
  5 goblins
  8 hobgoblins
  A frilled lizard (D:2)
  4 kobolds
  6 rats
42 creatures vanquished.

Notes
Turn   | Place    | Note
-------+----------+-------------------------------------------
     0 | D:1      | RepoMan the Draconian Transmuter began the quest for the Orb.
     0 | D:1      | Reached XP level 1. HP: 16/16 MP: 3/3
    69 | D:1      | Reached XP level 2. HP: 19/23 MP: 3/5
    73 | D:1      | Learned a level 2 spell: Sticks to Snakes
   473 | D:1      | Reached XP level 3. HP: 20/28 MP: 6/6
  1105 | D:2      | Learned a level 3 spell: Spider Form
  1130 | D:2      | Noticed Jessica
  1161 | D:2      | Killed Jessica
  1161 | D:2      | Reached XP level 4. HP: 36/36 MP: 5/7
  1286 | D:2      | Found a blossoming altar of Fedhas.
  1793 | D:2      | Found a hazy altar of Hepliaklqana.
  1794 | D:2      | Found a shimmering altar of Xom.
  1794 | D:2      | Noticed a wyvern
  1795 | D:2      | Noticed a spectral ugly thing
  1795 | D:2      | Noticed a wyvern
  2061 | D:3      | Killed from afar by an orc priest

Skill      XL: |  1  2  3  4 |
---------------+-------------+-----
Transmutations | 3 |  3.2
Fighting       | 2 |  2.1
Dodging        | |  1.7
Unarmed Combat | |  3.9
Spellcasting   | |  2.5

Action                   |  1- 3 |  4- 6 || total
-------------------------+-------+-------++-------
Melee: Unarmed           |    69 |    48 ||   117
       Kick              |    19 |     6 ||    25
       Headbutt          |     2 |     2 ||     4
       Tailslap          |     3 |     5 ||     8
       Punch             |     1 |     1 ||     2
 Cast: Beastly Appendage |    15 |     9 ||    24
 Stab: Sleeping          |       |     1 ||     1
  Eat: Chunk             |     1 |     3 ||     4
Armor: Skin              |    22 |    25 ||    47
Dodge: Dodged            |    40 |    24 ||    64
